AoeStats
← "Nina"

Arena

511004574Analyzed
1v1 RM · 4h ago on Oct 3, 2026· 22m 48s· 2 players
Game mode
Random Map
Map size
Tiny (2 player)
Population
200
Speed
Normal
Resources
Standard
Victory
Conquest
Starting age
Dark Age
Ending age
Imperial Age
RankedLock teamsTeams togetherTeam positionsShared explorationLock speedFull tech treeHidden civsTurbo modeCheats
Victory
Defeat
🇮🇳 Inca · India
765
+14
🇧🇷 Berbers · Brazil
715
-14
Mikhail Tal
12:04 Feudal Age
14:26 Double-Bit Axe
17:02 Castle Age
17:39 Horse Collar
"Nina"
10:29 Feudal Age
11:26 Double-Bit Axe
16:56 Castle Age
15:46 Stone Mining
18:49 Horse Collar
Connection lost

Rejoining the realm…

Still unreachable

The connection could not be restored.

Session expired

The server has moved on; the page needs a fresh start.